 Dungeon Crawl Stone Soup version 0.28-a0-1182-g381e24db82 (webtiles) character file.

Game seed: 8882633760123000139

203 Astera the Skirmisher (level 5, -2/57 HPs)
             Began as an Ogre Fighter on Dec 17, 2021.
             Was a Believer of Makhleb.
             Slain by a gnoll (8 damage)
             ... on level 3 of the Dungeon.
             The game lasted 00:03:10 (3111 turns).

Astera the Skirmisher (Ogre Fighter)                Turns: 3111, Time: 00:03:10

Health: -2/57      AC:  3    Str: 22    XL:     5   Next: 81%
Magic:  5/5        EV:  8    Int:  9    God:    Makhleb [**....]
Gold:   121        SH:  7    Dex:  8    Spells: 4/4 levels left

rFire   . . .      SeeInvis .   a - +0 war axe
rCold   . . .      Faith    .   c - +0 kite shield
rNeg    . . .      Spirit   .   b - +0 robe
rPois   .          Reflect  .   (helmet restricted)
rElec   .          Harm     .   (no cloak)
rCorr   .          Rampage  .   (gloves unavailable)
Will    .....                   (boots unavailable)
Stlth   +.........              (no amulet)
HPRegen 0.19/turn               (no ring)
MPRegen 0.09/turn               (no ring)

@: no status effects
A: large, unfitting armour, tough skin 1
a: Renounce Religion, Minor Destruction


You were on level 3 of the Dungeon.
You worshipped Makhleb.
Makhleb was pleased with you.
You visited 1 branch of the dungeon, and saw 3 of its levels.

You collected 121 gold pieces.

Inventory:

Hand Weapons
 a - a +0 war axe (weapon)
Missiles
 i - a throwing net (quivered)
Armour
 b - a +0 robe (worn)
 c - a +0 kite shield (worn)
Jewellery
 k - an amulet of magic regeneration
Scrolls
 e - a scroll of immolation {unknown}
 g - a scroll of vulnerability {unknown}
 h - a scroll of magic mapping {unknown}
Potions
 d - a potion of might
 f - a potion of mutation {unknown}
 j - 2 potions of flight {unknown}


   Skills:
 + Level 5.2 Fighting
 + Level 4.3 Axes
 + Level 3.2 Dodging
 + Level 0.6 Stealth
 + Level 3.2 Shields


You had 4 spell levels left.
You didn't know any spells.
Your spell library was empty.

Dungeon Overview and Level Annotations

Branches:
Dungeon (3/15)

Altars:
Dithmenos
Makhleb


Innate Abilities, Weirdness & Mutations

You are too large for most types of armour.
You have tough skin. (AC +1)


Message History

The gnoll closely misses you.
The gnoll hits you from afar with a +3 halberd!
You barely miss the gnoll. You block the gnoll's attack.
The gnoll hits you from afar with a +3 halberd.
You slash the gnoll!
The gnoll is severely wounded.
The gnoll closely misses you. The gnoll hits you with a +0 halberd.
You block the gnoll's attack.
You closely miss the gnoll.
The gnoll is severely wounded.
A gnoll comes into view. It is wielding a +0 whip.
The gnoll hits you with a +0 halberd!
The gnoll hits you from afar with a +3 halberd.
* * * LOW HITPOINT WARNING * * *
You are too injured to fight recklessly!
You are too injured to fight recklessly!
You are too injured to fight recklessly!
You are too injured to fight recklessly!
You are too injured to fight recklessly!
You are too injured to fight recklessly!
You are too injured to fight recklessly!
You are too injured to fight recklessly!
You are too injured to fight recklessly!
You are too injured to fight recklessly!
You are too injured to fight recklessly!
You are too injured to fight recklessly!
You are too injured to fight recklessly!
You are too injured to fight recklessly!
The gnoll closely misses you.
The gnoll throws a throwing net.
The throwing net hits you.
You become entangled in the net!
You see here a throwing net.
You struggle against the net.
You struggle against the net.
You struggle against the net.
The gnoll hits you from afar with a +0 halberd!
* * * LOW HITPOINT WARNING * * *
You rip the net and break free!
The gnoll hits you from afar with a +0 halberd!
You die...

.. #.##.##.......# #.# ..
###.....##.##.## #.# ####
. #.....##.##..#####.##
...#
#.#.....##.###.......###
#.# #.#....###.#
#############
#g#####.########.###
###....
#.##.##.......##.#.##
##.###
#.#...#######g##....##
#.#
#...........gg.@.....#
#.#
###....#########....##
#.# ##.#.# #.#.## ###.###
##..# ####.### #.....#
#.#######......# ##...##
#.........####.# ##'##
########### #.# #.#
.......####.#### #.#
#######.........######.##


You could see 3 gnolls.

Vanquished Creatures
  7 gnolls (D:2)
  5 adders
  A worm (D:2)
  4 orcs
  An endoplasm (D:1)
  4 giant cockroaches
  9 goblins
  7 hobgoblins
  16 jackals
  6 kobolds
  2 quokkas
  3 ball pythons
  5 bats
  4 frilled lizards
  5 rats
79 creatures vanquished.

Notes
Turn   | Place    | Note
-------+----------+-------------------------------------------
     0 | D:1      | Astera the Ogre Fighter began the quest for the Orb.
     0 | D:1      | Reached XP level 1. HP: 24/24 MP: 1/1
   147 | D:1      | Reached XP level 2. HP: 32/32 MP: 2/2
   492 | D:1      | Reached XP level 3. HP: 40/40 MP: 3/3
   498 | D:1      | Found a faded altar of an unknown god.
   506 | D:1      | Prayed at the altar of an unknown god.
   506 | D:1      | Became a worshipper of Makhleb the Destroyer
   506 | D:1      | Reached * piety under Makhleb
  1014 | D:2      | Reached XP level 4. HP: 33/49 MP: 4/4
  1242 | D:2      | Reached skill level 5 in Fighting
  1524 | D:2      | Reached XP level 5. HP: 16/57 MP: 5/5
  1919 | D:2      | Reached ** piety under Makhleb
  2730 | D:3      | Found a shadowy altar of Dithmenos.
  3111 | D:3      | Slain by a gnoll

Illustrated notes

Levels and vault maps discovered:
D:1:      roderic_dead_forest, layout_basic,
          hellmonk_ecumenical_altar_crossroads
D:2:      layout_basic
D:3:      layout_loops_corners, grunt_dithmenos_smoke,
          mainiacjoe_overflow_six_doors_small, serial_co_window_serial,
          co_window_of_opportunity_a, co_window_corner_a,
          co_window_of_opportunity_a, co_window_of_opportunity_a,
          co_window_paths_a, co_window_paths_b, co_window_2corner,
          co_window_broadway_a, co_window_broadway_c, co_window_paths_d,
          glass_columns_b, glass_columns_a, grunt_ministairs_1

Skill      XL: |  1  2  3  4  5 |
---------------+----------------+-----
Shields        | 3 |  3.2
Dodging        | 3 |  3.2
Axes           | 3 4 |  4.3
Fighting       | 5 |  5.2
Stealth        | |  0.6

Action                   |  1- 3 |  4- 6 || total
-------------------------+-------+-------++-------
Melee: War axe           |    98 |   132 ||   230
 Stab: Sleeping          |       |     1 ||     1
Armor: Robe              |    38 |    54 ||    92
Dodge: Dodged            |    42 |    58 ||   100
Block: Kite shield       |    29 |    72 ||   101

Table legend: (Time is in decaauts)
 A = Elapsed time spent in this place.
 B = Non-inter-level travel time spent in this place.
 C = Inter-level travel time spent in this place.
 D = Time resting spent in this place.
 E = Time spent auto-exploring this place.
 F = Levels seen in this place.
 G = Mean time per level.
                   A        B        C        D        E       F      G
               +--------+--------+--------+--------+--------+-----+--------+
         Total |   3236 |   3097 |    139 |      0 |   2475 |   3 | 1078.7 |
       Dungeon |   3236 |   3097 |    139 |      0 |   2475 |   3 | 1078.7 |
               +--------+--------+--------+--------+--------+-----+--------+

Top non-repeatable levels by time:
     D:2: 1593 daAuts
     D:1: 1013 daAuts
     D:3: 629 daAuts
